 Dungeon Crawl Stone Soup version 0.29-a0-344-ge2f44be95a (console) character file.

Game seed: 1726383606358478633

109 Ignak the Skirmisher (level 4, 0/45 HPs)
             Began as an Ogre Warper on Apr 21, 2022.
             Splashed by a jelly's acid (12 damage)
             ... on level 2 of the Dungeon.
             The game lasted 00:04:19 (3602 turns).

Ignak the Skirmisher (Ogre Warper)                  Turns: 3602, Time: 00:04:20

Health: 0/45       AC: -5    Str: 17    XL:     4   Next: 90%
Magic:  6/8        EV: 10    Int: 14    God:
Gold:   65         SH:  0    Dex:  8    Spells: 5/9 levels left

rFire   . . .      SeeInvis .   a - +0 mace
rCold   . . .      Faith    .   (no shield)
rNeg    . . .      Spirit   .   b - +0 robe
rPois   .          Reflect  .   (helmet restricted)
rElec   .          Harm     .   (no cloak)
rCorr   .          Rampage  .   (gloves unavailable)
Will    .....                   (boots unavailable)
Stlth   +.........              (no amulet)
HPRegen 0.15/turn               (no ring)
MPRegen 0.11/turn               (no ring)

@: corroded
A: large, unfitting armour, tough skin 1
a: no special abilities


You were on level 2 of the Dungeon.
You visited 1 branch of the dungeon, and saw 3 of its levels.

You collected 65 gold pieces.

Inventory:

Hand Weapons
 a - a +0 mace (weapon)
Armour
 b - a +0 robe (worn)
Magical Staves
 i - a staff of conjuration
Scrolls
 c - a scroll of blinking
 e - 2 scrolls of vulnerability {unknown}
 f - 2 scrolls of amnesia {unknown}
 g - a scroll of enchant weapon {unknown}
 h - a scroll of enchant armour {unknown}
 k - 2 scrolls of teleportation {unknown}
 m - a scroll of noise {unknown}
Potions
 j - a potion of magic {unknown}
 l - 2 potions of curing {unknown}
 n - 2 potions of might {unknown}
 o - a potion of heal wounds {unknown}


   Skills:
 + Level 3.5 Fighting
 + Level 2.2 Maces & Flails
 + Level 1.9 Throwing
 + Level 2.6 Dodging
 - Level 1.0 Unarmed Combat
 + Level 3.0 Spellcasting
 + Level 3.1 Translocations


You had 5 spell levels left.
You knew the following spells:

 Your Spells              Type           Power      Damage    Failure   Level
b - Blink                 Tloc           20%        N/A       9%          2
t - Passwall              Tmut/Erth      1%         N/A       32%         2

Your spell library contained the following spells:

 Spells                   Type           Power      Damage    Failure   Level
 Gell's Gravitas          Tloc           10%        N/A       19%         3
 Lesser Beckoning         Tloc           10%        N/A       19%         3
 Teleport Other           Tloc           10%        N/A       19%         3
 Sandblast                Erth           4%         2d4       22%         1
 Stone Arrow              Conj/Erth      4%         3d7       54%         3
 Manifold Assault         Tloc           10%        N/A       86%         5


Dungeon Overview and Level Annotations

Branches:
Dungeon (3/15)

Altars:
Wu Jian


Innate Abilities, Weirdness & Mutations

You are too large for most types of armour.
You have tough skin. (AC +1)


Message History

You start resting.
Magic restored.
You start resting.
HP restored.
You climb downwards.
The jelly hits you.
You are splashed with acid!
The jelly hits you.
You are splashed with acid!
There is a stone staircase leading up here.
Casting: Blink (safe; 9% risk of failure)
Confirm with . or Enter, or press ? or * to list all spells.
You blink.
Throw: boomerang (disperse)
Press: ? - help, Q - select action, (/) - cycle Shift-Dir - straight line, f - jelly
Aim: a jelly (88% to hit)
You throw a boomerang of dispersal.
The boomerang of dispersal hits the jelly.
The jelly blinks!
The jelly is moderately wounded.
Throw: 2 darts (curare)
Press: ? - help, Q - select action, (/) - cycle Shift-Dir - straight line, f/p - jelly
Aim: a jelly (moderately wounded, 88% to hit)
You throw a curare-tipped dart. The curare-tipped dart hits the jelly.
The jelly is moderately wounded.
Unknown command.
Throw: dart (curare)
Press: ? - help, Q - select action, (/) - cycle Shift-Dir - straight line, f/p - jelly
Aim: a jelly (moderately wounded, 88% to hit)
You throw a curare-tipped dart. The curare-tipped dart hits the jelly.
The jelly is moderately wounded.
Unknown command.
The jelly hits you but does no damage.
You completely miss the jelly.
The jelly is moderately wounded.
You feel stable enough to blink again. The jelly hits you.
The acid corrodes you!
You are splashed with acid.
You hit the jelly.
Your hands burn!
The jelly is moderately wounded.
The jelly closely misses you. The jelly hits you.
* * * LOW HITPOINT WARNING * * *
The acid corrodes you!
You are splashed with acid!
You die...

############
###.....J@...#########
#.....((.............#
##.#.#######<..######.###
#................#
##...##
#..#.#######...#.#
#.....# #..#.#
####.##.###.....# #..#.#
#...............## #..#.#
#.#.......##...... #.)#.#
#.#..##.#.##...###


You could see a jelly.

Vanquished Creatures
  A jelly (D:2)
  An adder (D:2)
  An ufetubus (D:1)
  4 worms
  2 dart slugs
  4 bats
  11 endoplasms
  4 goblins (D:1)
  4 hobgoblins
  2 ball pythons
  2 frilled lizards (D:1)
  11 kobolds
  3 rats (D:1)
50 creatures vanquished.

Vanquished Creatures (others)
  9 fungi (D:2)
  7 toadstools (D:2)
16 creatures vanquished.

Grand Total: 66 creatures vanquished

Notes
Turn   | Place    | Note
-------+----------+-------------------------------------------
     0 | D:1      | Ignak the Ogre Warper began the quest for the Orb.
     0 | D:1      | Reached XP level 1. HP: 22/22 MP: 3/3
   191 | D:1      | Reached XP level 2. HP: 29/29 MP: 5/5
   211 | D:1      | Learned a level 2 spell: Blink
   214 | D:1      | Learned a level 2 spell: Passwall
   810 | D:1      | Found a faded altar of an unknown god.
  1345 | D:1      | Reached XP level 3. HP: 25/37 MP: 7/7
  2250 | D:2      | Reached skill level 1 in Unarmed Combat
  2250 | D:2      | Reached XP level 4. HP: 31/45 MP: 8/8
  3349 | D:3      | Found an ornate altar of the Wu Jian Council.
  3413 | D:3      | Noticed a water moccasin
  3602 | D:2      | Splashed by a jelly's acid

Illustrated notes

Levels and vault maps discovered:
D:1:      ebering_trefoil_twist, layout_basic,
          shapermc_ecumenical_altar_starsandcircs, minmay_pentomino_q4
D:2:      cheibrodos_fertilizer, layout_loops_ring
D:3:      layout_loops_corners, nicolae_wu_jian_wuxing_cycle,
          gammafunk_ghost_necromancy, serial_bayou_pond_c,
          uniq_crazy_yiuf_cottage

Skill      XL: |  1  2  3  4 |
---------------+-------------+-----
Fighting       | 3 |  3.5
Maces & Flails | 2 |  2.2
Translocations | 3 |  3.1
Unarmed Combat | 1 |  1.0
Spellcasting   | 3 |  3.0
Throwing       | |  1.9
Dodging        | |  2.6

Action                   |  1- 3 |  4- 6 || total
-------------------------+-------+-------++-------
Melee: Mace              |   116 |    42 ||   158
       Punch             |     3 |     2 ||     5
Throw: Boomerang         |       |     7 ||     7
       Dart              |       |     2 ||     2
 Cast: Blink             |       |     4 ||     4
 Stab: Sleeping          |     1 |       ||     1
Armor: Robe              |    44 |    10 ||    54
Dodge: Dodged            |    65 |    11 ||    76

Table legend: (Time is in decaauts)
 A = Elapsed time spent in this place.
 B = Non-inter-level travel time spent in this place.
 C = Inter-level travel time spent in this place.
 D = Time resting spent in this place.
 E = Time spent auto-exploring this place.
 F = Levels seen in this place.
 G = Mean time per level.
                   A        B        C        D        E       F      G
               +--------+--------+--------+--------+--------+-----+--------+
         Total |   3655 |   3561 |     94 |    817 |   2009 |   3 | 1218.3 |
       Dungeon |   3655 |   3561 |     94 |    817 |   2009 |   3 | 1218.3 |
               +--------+--------+--------+--------+--------+-----+--------+

Top non-repeatable levels by time:
     D:1: 2238 daAuts
     D:2: 1309 daAuts
     D:3: 107 daAuts
